Map: Romanticide LE

Players

tayo

  • Race: Protoss Protoss
  • Spawn Location: 5:00

ViBE - Winner!

  • Race: Protoss Protoss
  • League: Gold
  • Spawn Location: 11:00

VOD

Have the link to the VOD?

Description

Time

  • Played on: March 22, 2021, 1:06 a.m.
  • Length: 13:55
Show
View Real Time Build Order
Export as new Build Order

tayo Protoss 

Build Orders:  

Get SALT Encoding   

  12  0:00  Probe (Chrono Boost)  
  13  0:11  Probe (Chrono Boost)  
  14  0:19  Pylon  
  14  0:25  Assimilator  
  14  0:28  Probe  
  15  0:40  Probe  
  16  0:47  Gateway  
  16  0:52  Probe  
  17  1:04  Probe (Chrono Boost), Forge  
  18  1:16  Probe (Chrono Boost)  
  19  1:22  Probe (Chrono Boost)  
  20  1:27  Assimilator  
  20  1:31  Probe  
  21  1:34  Zealot  
  23  1:51  Pylon  
  23  2:08  Pylon  
  23  2:09  Zealot (Chrono Boost)  
  23  2:15  Protoss Ground Weapons Level 1  
  25  2:27  Zealot (Chrono Boost)  
  27  2:31  Photon Cannon  
  27  2:39  Photon Cannon  
  27  2:53  Zealot  
  29  3:00  Cybernetics Core  
  29  3:08  Photon Cannon  
  29  3:20  Zealot  
  31  3:29  Photon Cannon  
  31  3:43  Gateway  
  31  3:47  Zealot  
  33  3:55  Pylon  
  33  4:03  Photon Cannon  
  33  4:15  Sentry (Chrono Boost)  
  31  4:24  Protoss Ground Armor Level 1  
  27  4:37  Zealot (Chrono Boost)  
  31  4:38  Stalker (Chrono Boost)  
  31  4:40  Photon Cannon  
  31  4:50  Pylon  
  31  4:58  Photon Cannon  
  33  5:04  Stalker (Chrono Boost)  
  33  5:05  Zealot (Chrono Boost)  
  35  5:24  Stargate  
  37  5:31  Sentry (Chrono Boost)  
  37  5:33  Stalker (Chrono Boost)  
  39  5:42  Probe  
  40  5:54  Stalker  
  42  6:13  Nexus  
  42  6:19  Assimilator  
  42  6:33  Void Ray  
  46  6:45  Zealot  
  48  7:12  Pylon  
  48  7:27  Photon Cannon  
  48  7:38  Photon Cannon  
  48  7:43  Probe (Chrono Boost)  
  49  7:57  Photon Cannon  
  49  8:07  Photon Cannon  
  49  8:18  Assimilator  
  49  8:23  Stalker  
  49  8:25  Void Ray (Chrono Boost)  
  55  8:35  Probe (Chrono Boost)  
  56  8:47  Probe (Chrono Boost)  
  57  8:59  Void Ray (Chrono Boost)  
  57  9:03  Zealot  
  63  9:22  Probe  
  64  9:29  Void Ray  
  64  9:34  Probe  
  69  9:46  Probe  
  69  9:52  Nexus  
  70  10:04  Pylon  
  70  10:11  Stalker (Chrono Boost)  
  70  10:14  Zealot (Chrono Boost)  
  72  10:16  Void Ray  
  74  10:32  Stalker  
  80  10:46  Photon Cannon  
  80  10:50  Shield Battery  
  80  11:01  Pylon  
  80  11:07  Probe (Chrono Boost)  
  81  11:15  Probe (Chrono Boost)  
  82  11:21  Probe  
  82  11:25  Assimilator  
  83  11:30  Photon Cannon  
  83  11:33  Probe, Photon Cannon  
  84  11:43  Photon Cannon  
  84  11:45  Assimilator  
  84  11:53  Photon Cannon  
  71  12:03  Photon Cannon  
Show
View Real Time Build Order
Export as new Build Order

ViBE Protoss - Winner!

Build Orders: 1 Gate Expand, Chargelot Immortal 

Get SALT Encoding   

  12  0:00  Probe  
  13  0:12  Probe  
  14  0:19  Pylon  
  14  0:24  Probe  
  15  0:37  Probe (Chrono Boost)  
  16  0:42  Gateway  
  16  0:48  Assimilator  
  16  0:49  Probe (Chrono Boost)  
  18  0:57  Probe (Chrono Boost)  
  18  1:03  Probe  
  19  1:15  Probe  
  20  1:25  Nexus  
  20  1:34  Cybernetics Core  
  20  1:36  Probe  
  21  1:47  Assimilator  
  21  1:48  Probe  
  21  1:50  Pylon  
  22  2:04  Probe  
  23  2:14  Stalker  
  25  2:16  Probe (Chrono Boost)  
  25  2:17  Warp Gate  
  27  2:31  Probe (Chrono Boost)  
  27  2:34  Pylon  
  27  2:39  Probe (Chrono Boost)  
  27  2:40  Probe (Chrono Boost)  
  29  2:47  Sentry  
  29  2:48  Probe (Chrono Boost)  
  29  2:49  Probe (Chrono Boost)  
  33  2:53  Probe (Chrono Boost)  
  33  2:54  Shield Battery  
  33  2:58  Probe  
  35  3:04  Probe  
  36  3:10  Probe  
  37  3:13  Robotics Facility  
  37  3:14  Gateway  
  37  3:16  Probe  
  37  3:19  Stalker  
  40  3:22  Probe  
  41  3:28  Probe (Chrono Boost)  
  41  3:33  Pylon  
  42  3:34  Probe (Chrono Boost)  
  42  3:41  Probe (Chrono Boost)  
  44  3:46  Probe (Chrono Boost)  
  45  3:49  Probe (Chrono Boost)  
  45  3:51  Probe (Chrono Boost)  
  45  3:52  Nexus  
  45  3:53  Pylon  
  45  3:55  Probe  
  47  4:00  Observer, Probe  
  50  4:07  Stalker  
  50  4:09  Stalker  
  54  4:10  Probe  
  54  4:12  Probe  
  54  4:16  Pylon  
  56  4:20  Pylon  
  56  4:22  Probe, Assimilator  
  56  4:23  Assimilator  
  57  4:24  Probe  
  58  4:33  Pylon  
  58  4:34  Probe  
  58  4:37  Probe  
  60  4:46  Probe (Chrono Boost)  
  60  4:47  Stalker x2  
  60  4:48  Immortal  
  60  4:49  Probe (Chrono Boost)  
  70  4:59  Probe (Chrono Boost)  
  72  5:00  Probe (Chrono Boost)  
  72  5:04  Probe (Chrono Boost), Twilight Council  
  72  5:05  Forge  
  72  5:06  Probe (Chrono Boost)  
  73  5:07  Forge  
  73  5:08  Probe  
  73  5:14  Probe  
  76  5:18  Probe  
  76  5:20  Probe  
  78  5:26  Probe  
  78  5:28  Stalker x2  
  81  5:29  Immortal  
  81  5:32  Charge  
  81  5:33  Probe x2  
  81  5:34  Protoss Ground Weapons Level 1 (Chrono Boost), Protoss Ground Armor Level 1 (Chrono Boost)  
  89  5:37  Assimilator x2  
  89  5:38  Probe  
  90  5:45  Probe x2  
  92  5:50  Probe  
  93  5:57  Probe  
  93  5:59  Nexus  
  93  6:00  Pylon  
  94  6:04  Pylon  
  94  6:05  Probe x2  
  94  6:09  Probe  
  97  6:15  Immortal  
  97  6:17  Probe x2, Stalker  
  105  6:19  Stalker  
  105  6:22  Probe  
  108  6:27  Templar Archives  
  108  6:29  Probe x2  
  108  6:32  Pylon  
  110  6:35  Pylon  
  110  6:37  Probe  
  111  6:41  Probe x2, Pylon, Stalker  
  111  6:42  Stalker  
  111  6:46  Pylon  
  117  7:03  Immortal  
  121  7:11  Gateway  
  121  7:13  Gateway  
  121  7:14  Gateway  
  121  7:16  Gateway  
  121  7:18  Gateway  
  121  7:19  Probe x2  
  121  7:20  Gateway  
  121  7:22  Protoss Ground Weapons Level 2 (Chrono Boost), Protoss Ground Armor Level 2 (Chrono Boost), Gateway  
  123  7:25  Gateway  
  123  7:31  Zealot x2  
  123  7:35  Probe x2  
  123  7:36  Probe x2  
  131  7:42  Immortal  
  135  7:47  Probe  
  135  7:49  Nexus  
  136  7:53  Pylon  
  136  7:56  High Templar x2, Pylon  
  140  8:09  Assimilator  
  140  8:11  Pylon, Assimilator  
  140  8:15  Pylon  
  140  8:18  Immortal  
  144  8:45  Zealot x4  
  144  8:46  Zealot x4  
  144  8:47  Zealot x2  
  164  8:48  Archon  
  164  8:50  Immortal  
  168  9:03  Gateway  
  168  9:06  Gateway  
  168  9:07  Gateway  
  168  9:10  Gateway  
  168  9:12  Gateway  
  168  9:14  Gateway  
  168  9:17  Gateway  
  168  9:18  Gateway  
  168  9:20  Gateway  
  168  9:24  Gateway  
  168  9:27  Gateway  
  168  9:28  Gateway  
  168  9:29  Protoss Ground Armor Level 3 (Chrono Boost), Protoss Ground Weapons Level 3 (Chrono Boost)  
  168  9:31  Gateway  
  168  9:32  Robotics Facility  
  168  9:34  Gateway  
  168  9:37  Gateway  
  168  9:39  Zealot x6  
  168  9:40  Zealot x4  
  168  9:42  Immortal  
  192  10:04  High Templar x3  
  192  10:05  High Templar  
  200  10:09  Archon  
  200  10:10  Archon  
  200  10:22  Unknown  
  200  10:36  Nexus  
  200  10:39  Pylon  
  200  10:42  Pylon  
  149  13:13  Zealot  
  149  13:16  Zealot  
  151  13:19  Zealot  
  151  13:21  Zealot  
  151  13:24  Zealot  
  151  13:26  Zealot  
  151  13:29  Zealot  
  151  13:31  Zealot  
  151  13:33  Zealot  
  151  13:35  Zealot  
  151  13:37  Zealot  
  151  13:39  Zealot  
  151  13:41  Zealot  
  151  13:43  Zealot  
  151  13:44  Zealot  
  151  13:46  Zealot  
  151  13:48  Zealot  
  151  13:51  Zealot  
Tags
 
League
Gold
Matchup
PvP
Player
ViBE
Replay Pack
Gold_League
Spawn Locations
Cross Positions
Add a new tag
Caveats
  • Supply blocks, unpowered buildings, or Contaminate may cause inaccurate times.
  • Supply counts are checked every 10 seconds.